 Dungeon Crawl Stone Soup version 0.29-a0-1061-gbc57f8fbdb (webtiles) character file.

Game seed: 3349741901676319471

2 Lampens the Sneak (level 1, 0/9 HPs)
             Began as a Spriggan Enchanter on Aug 18, 2022.
             Slain by a bat (1 damage)
             ... on level 2 of the Dungeon.
             The game lasted 00:01:05 (123 turns).

Lampens the Sneak (Spriggan Enchanter)               Turns: 123, Time: 00:01:05

Health: 0/9        AC:  2    Str:  4    XL:     1   Next: 25%
Magic:  5/5        EV: 17    Int: 16    God:
Gold:   0          SH:  0    Dex: 15    Spells: 5/5 levels left

rFire   . . .      SeeInvis +   a - +1 dagger
rCold   . . .      Faith    .   (no shield)
rNeg    . . .      Spirit   .   b - +0 robe
rPois   .          Reflect  .   (helmet restricted)
rElec   .          Harm     .   (no cloak)
rCorr   .          Rampage  .   (gloves unavailable)
Will    .....                   (boots unavailable)
Stlth   +++.......              (no amulet)
HPRegen 0.03/turn               (no ring)
MPRegen 0.09/turn               (no ring)

@: very quick
A: very small, no large weapons, unfitting armour, see invisible, speed 3
a: no special abilities


You were on level 2 of the Dungeon.
You visited 1 branch of the dungeon, and saw 2 of its levels.

Inventory:

Hand Weapons
 a - a +1 dagger (weapon)
Armour
 b - a +0 robe (worn)
Potions
 c - 2 potions of invisibility


   Skills:
 - Level 1.1 Short Blades
 - Level 2.6 Dodging
 - Level 4.4 Stealth
 + Level 2.8 Spellcasting
 + Level 3.7 Hexes


You had 5 spell levels left.
You didn't know any spells.
Your spell library contained the following spells:

 Spells                   Type           Power      Damage    Failure   Level
 Confusing Touch          Hex            14%        N/A       12%         3
 Tukima's Dance           Hex            14%        N/A       12%         3
 Ensorcelled Hibernation  Hex/Ice        16%        N/A       14%         2
 Dazzling Flash           Conj/Hex       16%        N/A       26%         3


Dungeon Overview and Level Annotations

Branches:
Dungeon (2/15)

Altars:


Innate Abilities, Weirdness & Mutations

You are very small and have problems with some larger weapons.
You are too small for most types of armour.
You have supernaturally acute eyesight. (SInv)
You cover ground extremely quickly. (Speed+++)


Message History

You escape the ball python's grasp.
A rat comes into view.
The bat attacks as you move away! The bat misses you.
The bat barely misses you. The bat attacks as you move away! The bat hits you.
* * * LOW HITPOINT WARNING * * *
Found 7 gold pieces.
Found a stone staircase leading down.
The bat misses you. The bat attacks as you move away!
The bat closely misses you.
Found a stone staircase leading down.
There is a stone staircase leading up here.
Okay, then.
Unknown command.
Found 16 gold pieces.
The bat barely misses you.
You are confused.
You feel invigorated. The bat completely misses you.
You're too confused to move!
The rat closely misses you. The bat attacks as you move away!
The bat misses you. The bat hits you but does no damage.
You completely miss the bat. The bat hits you but does no damage.
The ball python barely misses you. The ball python closely misses you.
The bat attacks as you move away! The bat hits you but does no damage.
The bat closely misses you. The bat barely misses you.
You bump into the rock wall.
You feel less invigorated.
You feel less confused. The bat barely misses you.
The ball python completely misses you. The ball python closely misses you.
The ball python closely misses you. The ball python grabs you.
The ball python constricts you.
You escape the ball python's grasp.
The bat barely misses you. The bat attacks as you move away!
The bat closely misses you. x2
The bat attacks as you move away! The bat misses you. x2
The bat hits you. The worm bites you.
Ouch! That really hurt!
* * * LOW HITPOINT WARNING * * *
Unknown command.
Unknown command.
The bat hits you.
You die...

#.$..>....# #.......>.#
#.........#
#.........##
##.........r# #
.##......####r####...
....##.<.#...........
#.....#..w.S.....###
####....@b#...###....
###..#.#.### ...
#$.####......# ...
###.........#######....
.......##....$.#.......
.....#.##..###...##....
.....#.#.....#.........
###.............####...
##......####....#...


You could see a worm, a bat, a ball python and a rat.

Vanquished Creatures
  A frilled lizard (D:1)
  A goblin (D:1)
  A rat (D:2)
3 creatures vanquished.

Notes
Turn   | Place    | Note
-------+----------+-------------------------------------------
     0 | D:1      | Lampens the Spriggan Enchanter began the quest for the Orb.
     0 | D:1      | Reached XP level 1. HP: 9/9 MP: 5/5
   123 | D:2      | Slain by a bat

Illustrated notes

Levels and vault maps discovered:
D:1:      lemuel_arrival_tunnels, layout_basic
D:2:      layout_rooms, uniq_jessica

Action                   || total
-------------------------++-------
Melee: Dagger            ||    16
  Use: Scroll            ||     1
       Potion            ||     1
 Stab: Distracted        ||     1
       Sleeping          ||     1
Armor: Robe              ||     5
Dodge: Dodged            ||    51

Table legend: (Time is in decaauts)
 A = Elapsed time spent in this place.
 B = Non-inter-level travel time spent in this place.
 C = Inter-level travel time spent in this place.
 D = Time resting spent in this place.
 E = Time spent auto-exploring this place.
 F = Levels seen in this place.
 G = Mean time per level.
                   A        B        C        D        E       F      G
               +--------+--------+--------+--------+--------+-----+--------+
         Total |     82 |     82 |      0 |      0 |      9 |   2 |   41.0 |
       Dungeon |     82 |     82 |      0 |      0 |      9 |   2 |   41.0 |
               +--------+--------+--------+--------+--------+-----+--------+

Top non-repeatable levels by time:
     D:1: 46 daAuts
     D:2: 36 daAuts
